 Dungeon Crawl Stone Soup version 0.19-a0-1513-gf6d23ed (webtiles) character file.

8085 rlgrobin the Cruncher (level 11, -4/97 HPs)
             Began as a Naga Gladiator on Sept 12, 2016.
             Was a High Priest of Hepliaklqana.
             Slain by a wolf spider simulacrum (8 damage)
             ... in an ice cave.
             The game lasted 00:22:50 (7568 turns).

rlgrobin the Cruncher (Naga Gladiator)              Turns: 7568, Time: 00:22:51

Health: -4/97      AC: 18    Str: 19    XL:     11   Next: 25%
Magic:  11/11      EV:  9    Int:  8    God:    Hepliaklqana [*****.]
Gold:   217        SH:  0    Dex: 14    Spells: 0 memorised, 10 levels left

rFire  . . .     SeeInvis +     a - +1 quarterstaff
rCold  + . .     Gourm    .     l - +3 scale mail "Lialleurph" {rC+ rCorr}
rNeg   . . .     Faith    .     (shield currently unavailable)
rPois  +         Spirit   .     c - +1 helmet
rElec  .         Dismiss  .     J - +1 cloak {rPois}
rCorr  +         Reflect  .     (no gloves)
MR     +....     Harm     .     (no barding)
Stlth  ..........               (no amulet)
                                M - ring of flight
                                h - +3 ring of protection

@: invisible, very slow
A: reduced essence, see invisible, deformed body, poison resistance, slowness 2,
slow metabolism 1, spit poison 1, AC +3
a: Spit Poison, Recall Ancestor, Ancestor Identity, Transference, Idealise,
Renounce Religion, Evoke Flight


You were in an ice cave.
You worshipped Hepliaklqana.
Hepliaklqana was extremely pleased with you.
You were not hungry.

You visited 2 branches of the dungeon, and saw 11 of its levels.
You also visited: Ice Cave.

You collected 472 gold pieces.
You spent 255 gold pieces at shops.

Inventory:

Hand Weapons
 a - a +1 quarterstaff (weapon)
Missiles
 d - 4 throwing nets (quivered)
 x - 44 poisoned needles
Armour
 c - a +1 helmet (worn)
 l - the +3 scale mail "Lialleurph" (worn) {rC+ rCorr}
   (You bought it in a shop on level 5 of the Dungeon)

   It protects you from cold.
   It protects you from acid and corrosion.
 J - a +1 cloak of poison resistance (worn)
Jewellery
 h - a +3 ring of protection (left hand)
 C - an uncursed ring of wizardry
 M - a ring of flight (right hand)
Wands
 j - a wand of slowing (24/48)
 s - a wand of iceblast (5/15)
 u - a wand of iceblast (9/15)
 H - a wand of iceblast (8/15)
Scrolls
 i - a scroll of fear
 k - 4 scrolls of teleportation
 p - 3 scrolls of amnesia
 q - 7 scrolls of remove curse
 r - 3 scrolls of immolation
 t - a scroll of recharging
 v - 2 scrolls of enchant weapon
 w - 5 scrolls of fog
Potions
 e - 2 potions of might
 g - a potion of flight
 n - 5 potions of curing
 z - a potion of resistance
 A - 2 potions of invisibility
 E - a potion of heal wounds
 F - a potion of agility
 G - 2 potions of ambrosia
 L - a potion of brilliance {unknown}
 N - a potion of haste
Books
 b - a Young Poisoner's Handbook

   Spells                             Type                      Level
   a - Sting                          Conjuration/Poison           1
   b - Mephitic Cloud                 Conjuration/Poison/Air       3
   c - Olgreb's Toxic Radiance        Poison                       4
   d - Alistair's Intoxication        Transmutation/Poison         5
   e - Venom Bolt                     Conjuration/Poison           5
 o - a book of Enchantments

   Spells                             Type                      Level
   a - Cause Fear                     Hexes                        4
   b - Yara's Violent Unravelling     Hexes/Transmutation          5
   c - Silence                        Hexes/Air                    5
   d - Deflect Missiles               Charms/Air                   6
   e - Haste                          Charms                       6
   f - Discord                        Hexes                        8
 I - a Grand Grimoire

   Spells                             Type                      Level
   a - Monstrous Menagerie            Summoning                    7
   b - Summon Greater Demon           Summoning                    7
   c - Malign Gateway                 Summoning/Translocation      7
   d - Summon Horrible Things         Summoning                    8
Miscellaneous
 D - a phantom mirror
Comestibles
 f - 4 bread rations
 m - 6 meat rations
 B - 6 fruits
 K - 2 beef jerkies


   Skills:
 - Level 10.0 Fighting
 + Level 12.2 Staves
 - Level 1.7 Throwing
 - Level 5.2 Armour
 + Level 3.5 Dodging


You had 10 spell levels left.
You didn't know any spells.

Dungeon Overview and Level Annotations

Branches:
Dungeon (10/15)            Temple (0/1) D:5            Lair (1/6) D:8
    Orc: D:9-12

Altars:
Cheibriados
Gozag
Hepliaklqana
Makhleb
Okawaru
Qazlal
Sif Muna
Trog
Uskayaw
Xom
Yredelemnul
Zin
The Shining One

Shops:
D:5 [   D:10 *


Innate Abilities, Weirdness & Mutations

You cannot wear boots.
Your serpentine skin is tough. (AC +3)
You have supernaturally acute eyesight. (SInv)
Armour fits poorly on your strangely shaped body.
Your system is resistant to poisons. (rPois)
You cover ground very slowly.
You have a slow metabolism.
You can spit poison.
Your life essence is reduced. (-10% HP)


Message History

Unknown command.
You feel much better.
The wolf spider simulacrum hits you but does no damage.
The wolf spider simulacrum bites you but does no damage.
The wolf spider simulacrum barely misses you.
The wolf spider simulacrum bites you but does no damage.
The wolf spider simulacrum hits you!
* * * LOW HITPOINT WARNING * * *
The wolf spider simulacrum freezes you! You resist.
* * * LOW HITPOINT WARNING * * *
The wolf spider simulacrum bites you but does no damage.
You fade into invisibility!
The wolf spider simulacrum hits you but does no damage.
The wolf spider simulacrum bites you.
* * * LOW HITPOINT WARNING * * *
The wolf spider simulacrum freezes you! You resist.
* * * LOW HITPOINT WARNING * * *
The wolf spider simulacrum hits you but does no damage.
The wolf spider simulacrum bites you!
You die...

#### ##..##
##....###
#.......##..
#.∩@Z.......
#...Z......#
##....##..##
##..## ##
####


You could see 2 wolf spider simulacra.

Vanquished Creatures
  The ghost of PeterLawrence the Cudgeler, an amateur MiMo (D:4)
  3 yaks
  Edmund (D:5)
  A soldier ant (D:10)
  Duvessa (D:6)
  A porcupine (Lair:1)
  A water moccasin (D:7)
  A sky beast (D:10)
  The ghost of rlgrobin the Twirler, an amateur NaGl (D:3)
  2 black bears
  An orc warrior (D:8)
  An ice beast (D:7)
  2 phantoms
  2 centaurs (D:6)
  4 ogres
  2 big kobolds (D:10)
  7 giant frogs
  Dowan (D:6)
  A scorpion (D:8)
  4 wights (D:7)
  A crimson imp (D:5)
  A hound (D:3)
  5 orc wizards
  2 orc priests
  A giant frog skeleton (D:9)
  2 worker ants
  2 wolf simulacra (IceCv)
  A hound skeleton (D:6)
  A worker ant zombie (D:10)
  3 adders
  5 gnolls
  3 river rats (Lair:1)
  A shadow imp (D:10)
  An adder skeleton (D:6)
  An adder zombie (D:9)
  A worm (D:3)
  A dart slug (D:2)
  2 giant geckos
  18 orcs
  A ball python (D:3)
  4 bats
  2 giant cockroaches (D:1)
  6 goblins
  11 hobgoblins
  2 jackals (D:5)
  12 kobolds
  4 quokkas
  4 giant newts
  A quokka skeleton (D:4)
  A quokka zombie (D:5)
  6 rats
144 creatures vanquished.

Vanquished Creatures (collateral kills)
  An unseen horror (D:10)
  Maurice (D:9)
  2 guardian serpents (D:10)
  6 yaks
  2 hippogriffs
  A water moccasin (D:5)
  An orc warrior (D:7)
  A black bear (D:9)
  A wasp (D:10)
  3 phantoms
  A big kobold (D:10)
  A crocodile (Lair:1)
  Blork the orc (D:6)
  A gnoll sergeant (D:10)
  3 giant frogs
  A scorpion (D:5)
  A wight (D:7)
  2 crimson imps
  A wasp zombie (D:10)
  A quasit (D:10)
  A jelly (D:7)
  A hound (D:7)
  A giant frog skeleton (D:4)
  A centaur skeleton (D:9)
  2 orc wizards
  An iguana (Lair:1)
  2 worker ants (D:4)
  A gnoll (D:10)
  4 adders
  5 river rats (Lair:1)
  2 oozes
  An adder skeleton (D:4)
  A giant gecko (D:5)
  14 orcs
  2 jackals
  8 kobolds (D:10)
  A rat (D:4)
80 creatures vanquished.

Vanquished Creatures (others)
  3 battlemagi
  8 fungi
11 creatures vanquished.

Grand Total: 235 creatures vanquished

Notes
Turn   | Place    | Note
-------+----------+-------------------------------------------
     0 | D:1      | rlgrobin the Naga Gladiator began the quest for the Orb.
     0 | D:1      | Reached XP level 1. HP: 19/19 MP: 1/1
   181 | D:1      | Reached XP level 2. HP: 26/26 MP: 2/2
   412 | D:1      | Reached skill level 4 in Staves
   491 | D:1      | Reached XP level 3. HP: 25/32 MP: 3/3
   926 | D:2      | Reached XP level 4. HP: 33/39 MP: 4/4
  1174 | D:2      | Reached skill level 5 in Staves
  1393 | D:3      | Found a faded altar of an unknown god.
  1468 | D:3      | Noticed rlgrobin's ghost (amateur NaGl)
  1492 | D:3      | Killed rlgrobin's ghost
  1492 | D:3      | Reached skill level 6 in Staves
  1492 | D:3      | Reached XP level 5. HP: 45/45 MP: 5/5
  1549 | D:3      | Became a worshipper of Hepliaklqana
  1549 | D:3      | Reached * piety under Hepliaklqana
  1586 | D:3      | Reached XP level 6. HP: 48/48 MP: 6/6
  1663 | D:3      | Found a burning altar of Makhleb.
  1906 | D:4      | Noticed PeterLawrence's ghost (amateur MiMo)
  1927 | D:4      | Killed PeterLawrence's ghost
  1975 | D:4      | Reached skill level 7 in Staves
  2009 | D:4      | Found a hide-covered altar of Uskayaw.
  2010 | D:4      | Noticed a dagger
  2010 | D:4      | Noticed a dagger
  2034 | D:4      | Reached ** piety under Hepliaklqana
  2035 | D:4      | Remembered your ancestor Adrastria as a battlemage
  2066 | D:4      | Found a deep blue altar of Sif Muna.
  2104 | D:4      | Found a glowing silver altar of Zin.
  2169 | D:4      | Noticed a phantom
  2183 | D:4      | Killed a phantom
  2183 | D:4      | Reached XP level 7. HP: 45/56 MP: 7/7
  2450 | D:5      | Entered Level 5 of the Dungeon
  2482 | D:5      | Found an iron altar of Okawaru.
  2651 | D:5      | Reached skill level 8 in Staves
  2700 | D:5      | Noticed Edmund
  2706 | D:5      | Killed Edmund
  2706 | D:5      | Reached skill level 5 in Fighting
  2706 | D:5      | Reached XP level 8. HP: 60/66 MP: 8/8
  2765 | D:5      | You fall through a shaft for 3 floors!
  2768 | D:8      | Found a staircase to the Lair.
  2776 | D:8      | Reached skill level 1 in Armour
  2784 | D:8      | Found a snail-covered altar of Cheibriados.
  2959 | D:7      | Reached *** piety under Hepliaklqana
  3268 | D:6      | Found a basalt altar of Yredelemnul.
  3451 | D:6      | Reached skill level 5 in Armour
  3451 | D:6      | Reached XP level 9. HP: 44/72 MP: 6/9
  3520 | D:6      | Found a glowing golden altar of the Shining One.
  3690 | D:5      | Found Niacaqud's Antique Armour Emporium.
  3697 | D:5      | Bought an encrusted scale mail for 234 gold pieces
  3707 | D:5      | Identified the +3 scale mail "Lialleurph" {rC+ rCorr} (You bought it in a shop on level 5 of the Dungeon)
  3808 | D:5      | Reached **** piety under Hepliaklqana
  4268 | D:5      | Found a staircase to the Ecumenical Temple.
  4327 | D:5      | Found a stormy altar of Qazlal.
  4494 | D:6      | Noticed Duvessa
  4496 | D:6      | Noticed Dowan
  4501 | D:6      | Noticed Blork the orc
  4501 | D:6      | Killed Duvessa
  4513 | D:6      | Killed Blork the orc
  4513 | D:6      | Reached skill level 9 in Staves
  4518 | D:6      | Killed Dowan
  5037 | D:7      | Found a shimmering altar of Xom.
  5046 | D:7      | Found an opulent altar of Gozag.
  5164 | D:7      | Found a bloodstained altar of Trog.
  5860 | D:8      | Reached skill level 10 in Staves
  5998 | D:9      | Reached XP level 10. HP: 86/86 MP: 10/10
  6089 | D:9      | Reached ***** piety under Hepliaklqana
  6118 | D:9      | Noticed Maurice
  6136 | D:9      | Killed Maurice
  6475 | D:9      | Found a glowing golden altar of the Shining One.
  6502 | D:10     | Entered Level 10 of the Dungeon
  6536 | D:10     | Noticed a guardian serpent
  6542 | D:10     | Killed a guardian serpent
  6734 | D:10     | Reached skill level 11 in Staves
  6810 | D:10     | Found Qinla's Assorted Antiques.
  6818 | D:10     | Bought a fizzy inky potion for 21 gold pieces
  6937 | D:10     | Noticed a guardian serpent
  6943 | D:10     | Killed a guardian serpent
  7130 | D:10     | Noticed an unseen horror
  7140 | D:10     | Killed an unseen horror
  7140 | D:10     | Reached skill level 10 in Fighting
  7140 | D:10     | Reached XP level 11. HP: 77/97 MP: 11/11
  7324 | Lair:1   | Entered Level 1 of the Lair of Beasts
  7368 | Lair:1   | Reached skill level 12 in Staves
  7481 | Lair:1   | Found a frozen archway.
  7561 | IceCv    | Entered an ice cave
  7568 | IceCv    | HP: 4/97 [wolf spider simulacrum (10)]
  7568 | IceCv    | Slain by a wolf spider simulacrum

Vault maps used:
D:1:      dpeg_arrival_prison
D:2:      first_bread
D:3:      ecumenical_altar_2, makhleb_blood_cavern_becter
D:4:      lemuel_doored_altar, dancing_weapons_uskayaw, lemuel_crystal_altar,
          minmay_surrounded
D:5:      nicolae_qazlal_eye_of_the_storm, serial_shops, nicolae_shop_crystal,
          serial_bayou_pond_b, okawaru_ov_weapons_minmay, uniq_edmund
D:6:      overflow_temple_1_default, nicolae_tso_swordbearing_angel,
          uniq_duvessa, uniq_blork_the_orc
D:7:      basic_altar, hangedman_feature_mirror, serial_park_tiny_1
D:8:      old_forge, lemuel_round_altar, lair_0_dummy
D:9:      kennysheep_mini, uniq_maurice
D:10:     nrook_guardian_serpent_snake_passage, serial_shops, shop
Lair:1:   portal_ice_cave_entry_pillars_1, lemuel_old_faithful
IceCv:    ice_cave_small_necro

Skill      XL: |  1  2  3  4  5  6  7  8  9 10 11 |
---------------+----------------------------------+-----
Staves         | 4 6 7 8 10 11 12 | 12.2
Fighting       | 3 5 7 10 | 10.0
Armour         | 5 |  5.2
Dodging        | 3 |  3.5
Throwing       | |  1.7

Action                   |  1- 3 |  4- 6 |  7- 9 | 10-12 || total
-------------------------+-------+-------+-------+-------++-------
Melee: Quarterstaff      |    86 |   106 |   252 |   204 ||   648
Invok: Ancestor Identity |       |     3 |       |       ||     3
       Ancestor Life: Ba |       |     1 |       |       ||     1
       Recall Ancestor   |       |       |     3 |     1 ||     4
       Transference      |       |       |     1 |       ||     1
 Abil: Spit Poison       |     4 |     3 |    11 |    10 ||    28
Evoke: Wand              |       |       |     2 |     4 ||     6
  Use: Scroll            |     1 |     5 |    17 |     5 ||    28
       Potion            |       |     2 |       |     3 ||     5
 Stab: Distracted        |     1 |     1 |     1 |     4 ||     7
       Sleeping          |       |     1 |       |       ||     1
  Eat: Chunk             |       |     4 |     6 |     1 ||    11
       Beef jerky        |       |       |     2 |       ||     2
       Royal jelly       |       |       |     1 |       ||     1
       Bread ration      |       |       |       |     1 ||     1
Armor: Leather armour    |    29 |    22 |    17 |       ||    68
       Skin              |       |    17 |       |       ||    17
       Ring mail         |       |       |    32 |       ||    32
       Scale mail        |       |       |    58 |   103 ||   161
Dodge: Dodged            |    62 |    40 |   101 |    55 ||   258
